cohdb
Replays
Latest Replays
All Replays
Popular Replays
Top Player Replays
Match Explorer
How It Works
Community
CoH3 Stats
Reddit
Sign in to upload your games and track your stats! →
Sign in with Steam
Match 41910234
Unlisted
Match 41910234
Overview
Messages
Build Orders
End
Panzergrenadier Squad
Selects Panzerjäger Kommand Battlegroup
250 Light Carrier
Panzergrenadier Squad
Construct Light Support Kompanie
MG34 Team
Selects Mine Fields
Selects GrB 39 Grenade Launcher Requisition
Fire Support Elements
Vehicle Survival Package
Flakvierling Half-track
le.IG 18 Mechanized Group
Selects Crew Shock Tactics
Selects Defensive Positions
Pak 38 Anti-tank Gun Team
Construct Panzerarmee Kommand
ding
大炮一响黄金万两
Ректальный клинч
Voodoo408
Lennox
皮蛋瘦肉粥
俄罗斯头套批发
P o o y a
0
0
Comments
sign in to comment!
No comments posted yet!